 Dungeon Crawl Stone Soup version 0.29.1-15-g9cfb28693d (webtiles) character file.

Game seed: 2202677514681197029

438899 Exodus22XD the Acrobat (level 22, -6/119 HPs)
             Began as a Felid Summoner on Apr 9, 2023.
             Was a High Priest of Jiyva.
             Mangled by a thrashing horror (14 damage)
             ... on level 7 of the Abyss on Apr 10, 2023.
             The game lasted 11:31:51 (53205 turns).

Exodus22XD the Acrobat (Felid Summoner)            Turns: 53205, Time: 11:31:52

Health: -6/119     AC:  3    Str: 10      XL:     22   Next: 67%
Magic:  44/44      EV: 33    Int: 25 (31) God:    Jiyva [*****.]
Gold:   3520       SH:  0    Dex: 17      Spells: 11/55 levels left
                                        Lives:  0   Deaths: 5

rFire   + + .      SeeInvis +     - Unarmed
rCold   + + .      Faith    .   (shield unavailable)
rNeg    . . .      Spirit   .   (body armour unavailable)
rPois   +          Reflect  .   (helmet unavailable)
rElec   .          Harm     .   (cloak unavailable)
rCorr   +          Rampage  .   (gloves unavailable)
Will    +++++                   (boots unavailable)
Stlth   ++........              I - amulet of the Pharaoh's Fist {RegenMP Fly rC+ rCorr}
HPRegen 1.73/turn               C - ring "Tiohicub" {rPois rF++ rCorr Int+6 Dex-2}
MPRegen 1.14/turn               U - ring of Perfectionism {Str+6 Dex+4 Slay+4}

@: about to teleport, wereblooded, flying, studying Summonings, unable to drink,
quick
A: very small, claws 1, fangs 3, see invisible, speed 1, shaggy fur 3, stealthy
paws, no weapons or thrown items, no armour, multi-lived, strong-willed 3,
robust 3, screaming 1, acidic bite, [clumsy 2], [frail 2], [subdued magic 2],
[inability to drink after injury 2]
}: 3/15 runes: decaying, serpentine, silver
a: Renounce Religion, Oozemancy, Slimify


You were on level 7 of the Abyss.
You worshipped Jiyva.
Jiyva was extremely pleased with you.
You visited 10 branches of the dungeon, and saw 50 of its levels.
You visited the Abyss 3 times.
You also visited: Wizlab.

You collected 26566 gold pieces.
You spent 4370 gold pieces at shops.
You paid 18676 gold pieces to Gozag.

Inventory:

Jewellery
 a - a ring of magical power
 c - a +6 ring of intelligence
 q - a +4 ring of protection
 r - a ring of flight
 v - an amulet of regeneration
 w - a ring of resist corrosion
 A - a ring of positive energy
 C - the ring "Tiohicub" (left paw) {rPois rF++ rCorr Int+6 Dex-2}
   (You acquired it on level 1 of the Swamp)

   [ring of intelligence]

   Int:       It affects your intelligence (+6).
   Dex:       It affects your dexterity (-2).
   rF:        It greatly protects you from fire.
   rPois:     It protects you from poison.
   rCorr:     It protects you from acid and corrosion.
 H - a ring of positive energy
 I - the amulet of the Pharaoh's Fist (around neck) {RegenMP Fly rC+ rCorr}
   (You took it off an orc wizard on level 9 of the Dungeon)

   [amulet of magic regeneration]

   It increases your rate of magic regeneration.
   rC:        It protects you from cold.
   Fly:       It grants you flight.
   rCorr:     It protects you from acid and corrosion.
 S - a ring of willpower
 T - a ring of wizardry
 U - the ring of Perfectionism (right paw) {Str+6 Dex+4 Slay+4}
   (You took it off a deep elf master archer on level 3 of the Elven Halls)

   [ring of strength]

   Str:       It affects your strength (+6).
   Dex:       It affects your dexterity (+4).
   Slay:      It affects your accuracy & damage with ranged weapons and melee
   (+4).
 X - a ring of magical power
Wands
 k - a wand of flame (58)
 o - a wand of polymorph (14)
 B - a wand of paralysis (49)
 F - a wand of acid (10)
 G - a wand of mindburst (20)
 M - a wand of roots (23)
 Q - a wand of digging (8)
Scrolls
 e - 12 scrolls of teleportation
 j - 5 scrolls of poison
 p - a scroll of summoning
 t - 9 scrolls of immolation
 y - 7 scrolls of butterflies
 z - 5 scrolls of fear
 D - 11 scrolls of vulnerability
 E - 4 scrolls of amnesia
 L - 5 scrolls of torment
 O - 4 scrolls of magic mapping
 V - 15 scrolls of identify
 Y - 2 scrolls of silence
Potions
 f - 2 potions of heal wounds
 g - 12 potions of lignification
 h - 6 potions of mutation
 i - 22 potions of curing
 l - 4 potions of haste
 m - 5 potions of brilliance
 n - 2 potions of invisibility
 s - 9 potions of might
 u - 11 potions of flight
 K - 3 potions of resistance
 N - 6 potions of cancellation
 R - 6 potions of berserk rage
Miscellaneous
 x - a phantom mirror


   Skills:
 - Level 17.5 Fighting
 - Level 21.0 Dodging
 - Level 2.6 Stealth
 - Level 21.0 Unarmed Combat
 - Level 17.0 Spellcasting
 - Level 5.0 Hexes
 - Level 19.0 Summonings
 + Level 15.4 Necromancy
 - Level 10.0 Translocations
 - Level 18.5 Transmutations
 - Level 7.0 Air Magic
 - Level 5.9 Earth Magic


You had 11 spell levels left.
You knew the following spells:

 Your Spells              Type           Power      Damage    Failure   Level
a - Statue Form           Tmut/Erth      34%        N/A       1%          6
b - Wereblood             Tmut           63%        N/A       0%          2
c - Summon Hydra          Summ           32%        N/A       1%          7
d - Yara's Violent Unrav  Hex/Tmut       25%        3d11      1%          5
f - Summon Forest         Summ/Tloc      27%        N/A       1%          5
g - Summon Cactus Giant   Summ           32%        N/A       1%          6
h - Passage of Golubria   Tloc           44%        N/A       1%          4
i - Death's Door          Necr           28%        N/A       98%         9

Your spell library contained the following spells:

 Spells                   Type           Power      Damage    Failure   Level
 Apportation              Tloc           88%        N/A       0%          1
 Beastly Appendage        Tmut           100%       N/A       0%          1
 Necrotise                Necr           100%       1d9       0%          1
 Sting                    Tmut/Pois      100%       1d8       0%          1
 Summon Small Mammal      Summ           100%       N/A       0%          1
 Call Imp                 Summ           64%        N/A       0%          2
 Passwall                 Tmut/Erth      42%        N/A       0%          2
 Sublimation of Blood     Necr           57%        N/A       0%          2
 Call Canine Familiar     Summ           64%        N/A       0%          3
 Summon Guardian Golem    Hex/Summ       50%        N/A       0%          3
 Vampiric Draining        Necr           57%        2d10      0%          3
 Animate Dead             Necr           57%        N/A       0%          4
 Dispel Undead            Necr           57%        3d20      0%          4
 Magic Dart               Conj           52%        1d5       1%          1
 Sandblast                Erth           62%        2d14      1%          1
 Shock                    Conj/Air       96%        1d9       1%          1
 Ensorcelled Hibernation  Hex/Ice        42%        N/A       1%          2
 Static Discharge         Conj/Air       24%        3-6/arc   1%          2
 Dazzling Flash           Conj/Hex       42%        N/A       1%          3
 Gell's Gravitas          Tloc           44%        N/A       1%          3
 Ignite Poison            Fire/Tmut/Pois 32%        N/A       1%          3
 Inner Flame              Hex/Fire       21%        N/A       1%          3
 Lesser Beckoning         Tloc           44%        N/A       1%          3
 Mephitic Cloud           Conj/Pois/Air  20%        N/A       1%          3
 Spider Form              Tmut/Pois      42%        N/A       1%          3
 Swiftness                Air            35%        N/A       1%          3
 Teleport Other           Tloc           44%        N/A       1%          3
 Tukima's Dance           Hex            28%        N/A       1%          3
 Anguish                  Hex/Necr       22%        N/A       1%          4
 Cause Fear               Hex            14%        N/A       1%          4
 Ice Form                 Ice/Tmut       42%        N/A       1%          4
 Iskenderun's Mystic Bla  Conj/Tloc      28%        2d7       1%          4
 Leda's Liquefaction      Hex/Erth       15%        N/A       1%          4
 Summon Ice Beast         Ice/Summ       42%        N/A       1%          4
 Summon Lightning Spire   Summ/Air       52%        N/A       1%          4
 Borgnjor's Vile Clutch   Necr/Erth      23%        N/A       1%          5
 Irradiate                Conj/Tmut      21%        3d18      1%          5
 Summon Mana Viper        Hex/Summ       50%        N/A       1%          5
 Death Channel            Necr           28%        N/A       1%          6
 Dragon Form              Tmut           31%        N/A       1%          7
 Haunt                    Necr/Summ      30%        N/A       1%          7
 Lee's Rapid Deconstruct  Erth           15%        3d11*     3%          5
 Dispersal                Tloc           22%        N/A       3%          6
 Malign Gateway           Summ/Tloc      27%        N/A       3%          7
 Summon Horrible Things   Summ           32%        N/A       3%          8
 Conjure Flame            Conj/Fire      13%        6-21      4%          3
 Frozen Ramparts          Ice            26%        1d4       4%          3
 Fulminant Prism          Conj/Hex       10%        3d9       5%          4
 Storm Form               Tmut/Air       26%        N/A       7%          7
 Simulacrum               Ice/Necr       18%        N/A       11%         6
 Necromutation            Tmut/Necr      30%        N/A       11%         8
 Hailstorm                Conj/Ice       13%        3d5       17%         4
 Sticky Flame             Conj/Fire      13%        2d4       17%         4
 Infestation              Necr           28%        N/A       21%         8
 Spellforged Servitor     Conj/Summ      21%        N/A       30%         7
 Fireball                 Conj/Fire      6%         3d5       45%         5
 Iskenderun's Battlesphe  Conj           13%        2d7       45%         5
 Conjure Ball Lightning   Conj/Air       12%        3x3d6     56%         6
 Dragon's Call            Summ           32%        N/A       61%         9
 Iron Shot                Conj/Erth      11%        9d3       65%         6
 Disjunction              Tloc           22%        N/A       91%         8
 Starburst                Conj/Fire      6%         6d4       97%         6
 Orb of Destruction       Conj           6%         9d6       100%        7
 Discord                  Hex            14%        N/A       100%        8
 Ignition                 Fire           6%         3d4       100%        8
 Maxwell's Capacitive Co  Air            17%        ∞         100%        8
 Chain Lightning          Conj/Air       12%        3d16      100%        9
 Fire Storm               Conj/Fire      6%         8d2       100%        9
 Shatter                  Erth           15%        3d15*     100%        9
 Portal Projectile        Hex/Tloc       Unusable   N/A       N/A         3
 Animate Armour           Summ/Erth      Unusable   N/A       N/A         4

Dungeon Overview and Level Annotations

Branches:
Dungeon (15/15)            Temple (0/1) D:6            Lair (5/5) D:10
  Swamp (4/4) Lair:3        Snake (4/4) Lair:3        Slime (5/5) Lair:5
    Orc (2/2) D:12            Elf (3/3) Orc:2        Vaults (5/5) D:13
  Crypt (3/3) Vaults:2       Tomb (0/3) Crypt:3      Depths (4/4) D:15
    Zot (0/5) Depths:4     WizLab (visited)

Altars:
Ashenzari
Dithmenos
Gozag
Kikubaaqudgha
Okawaru
Trog
Uskayaw
Xom
Yredelemnul
Zin
The Shining One
Jiyva
Lugonu

Shops:
Orc:2 ::!!*   Elf:1 =   Elf:2 !:=:=   Elf:3 =   Lair:1 :   Lair:3 :   Lair:5 ?
Swamp:4 :   Snake:3 (*[::[   Vaults:4 [:   Vaults:5 =!   Depths:3 :

Portals:
Hell: Depths:1 Depths:2 Depths:3 Depths:4
Abyss: Depths:3 Depths:4
Pandemonium: Depths:1 Depths:2
Ziggurat: Depths:2
Trove: D:11 (give 11 potions of heal wounds)
Bailey: D:8

Annotations:
Swamp:2 1 runed translucent door, 2 transporters, popps's ghost, adept MiBe
Snake:2 Vashnia
Snake:4 exclusion: 2 ice statues
Slime:5 Royal Jelly
Elf:2 3 runed translucent doors
Vaults:4 3 runed translucent doors, SpeedRobin's ghost, adept DDFi
Depths:1 1 runed translucent door
Depths:3 3 runed translucent doors, exclusion: obsidian statue, Yvourr's ghost, adept DrTm


Innate Abilities, Weirdness & Mutations

You have sharp claws.
You have razor-sharp teeth.
You have supernaturally acute eyesight. (SInv)
You cover ground quickly. (Speed+)
Your thick and shaggy fur keeps you warm. (AC +3, rC+)
Your paws help you pounce on unaware monsters.
You are incapable of wielding weapons or throwing items.
You cannot wear armour.
You gain extra lives every three experience levels.
You are extremely strong-willed. (Will+++)
You are extremely robust. (+30% HP)
You occasionally shout uncontrollably at your foes.
You have acidic saliva.
[You are very clumsy. (Dex -4)]
[You are very frail. (-20% HP)]
[Your spells are easier to cast, but less powerful.]
[You sometimes lose the ability to drink potions when taking damage.]


Message History

You howl at the wretched star!
You hear a roar!
You hear a bark!
You eviscerate the tentacled starspawn!!!
You feel a bit better.
You destroy the tentacled starspawn!
The starspawn's tentacles wither and die.
The thrashing horror completely misses you.
The thrashing horror closely misses you.
A starcursed mass splits.
The large abomination hits you.
* * * LOW HITPOINT WARNING * * *
The water elemental closely misses you.
Okay, then.
As you read the scroll of teleportation, it crumbles to dust.
You feel strangely unstable.
You feel the power of the Abyss delaying your translocation!
The thrashing horror completely misses you.
The thrashing horror tramples you but does no damage.
The thrashing horror tramples you!
* * * LOW HITPOINT WARNING * * *
You are shoved backwards!
The water elemental closely misses you.
The crystal guardian fires a crystalline bolt at you.
The crystal bolt misses you. x2; The water elemental closely misses you.
Unknown command.
You cannot drink potions in your current state!
You eviscerate the water elemental!!!
You feel a bit better.
You destroy the water elemental!
The thrashing horror enters the passage of Golubria.
The crystal guardian glitters, brittle, in the dim dungeon light.
You mangle the thrashing horror!!
The thrashing horror is heavily damaged.
The thrashing horror tramples you but does no damage.
The thrashing horror misses you.
The wretched star pulses with an eldritch light!
You feel clumsy. x2; Your connection to magic feels subdued.
Your connection to magic feels more subdued.
You eviscerate the thrashing horror!!!!
You feel a bit better.
You destroy the thrashing horror!
You revert to your normal fleshy form.
You feel yourself slow down. The thrashing horror tramples you!
You die... #..# φ #.X# #3#x.§## .♣♣ ### #⌠#.
XD#

.~~. ~.#######X#
tt#...
.≈.♣..XX.YX.X.X# .
♣♣♣≈X♣XEYX# #.X ..#
♣≈≈..9^XX#.##XX###..
~.X.⌠.#.@##X# .#.# #
#..#.XXX.#.# 3##3. .
###X#### § #.. #* .
## #. .* #


You could see a hellephant (misshapen), 7 starcursed masses, a dire elephant
(misshapen), a wretched star, a crystal guardian, 4 thrashing horrors, 2 large
abominations and a water elemental.

Vanquished Creatures
  2 dread liches
  3 ancient liches
  Boris (twice) (Crypt:1 Crypt:2)
  Xtahua (Crypt:1)
  A caustic shrike (Depths:2)
  A profane servitor (Abyss:7)
  A pearl dragon (Depths:3)
  2 golden dragons
  12 bone dragons
  2 hellephants
  2 Hell Sentinels
  A shard shrike skeleton (Crypt:3)
  6 liches
  2 titans (Vaults:5)
  A deep elf master archer (Elf:3)
  3 quicksilver dragons
  20 tentacled starspawn
  3 Executioners
  2 ancient champions
  2 shadow dragons
  4 sphinxes
  3 tengu reavers
  2 storm dragons
  2 revenants
  2 fire giants
  A vault warden (Vaults:5)
  5 frost giants
  An orc warlord (Vaults:4)
  A rockslime (Depths:3)
  A balrug (Abyss:5)
  A draconian scorcher (Depths:4)
  An iron dragon (Depths:3)
  A deep elf elementalist (Depths:3)
  2 azure jellies (Depths:3)
  5 deep elf sorcerers
  3 curse skulls
  A draconian shifter (Abyss:6)
  A draconian stormcaller (Abyss:7)
  18 very ugly things
  5 ghouls (Crypt:2)
  3 ironbound preservers
  3 spriggan defenders (Depths:3)
  3 ironbound thunderhulks
  An eleionoma (Depths:3)
  2 quicksilver oozes (Depths:3)
  2 ophanim
  A caustic shrike skeleton (Crypt:3)
  A reaper (Depths:1)
  13 stone giants
  4 war gargoyles
  2 green draconians (Depths:4)
  4 deep elf demonologists
  3 red draconians (Depths:4)
  4 vampire knights
  A black draconian (Depths:4)
  5 dire elephants
  5 spark wasps
  2 purple draconians
  5 entropy weavers
  A yellow draconian (Depths:4)
  8 ettins
  4 deep elf death magi
  Josephine (D:13)
  2 green deaths
  5 eidola
  2 fire dragons
  9 yaktaur captains
  4 great orbs of eyes
  A blizzard demon (Abyss:7)
  A fenstrider witch zombie (Abyss:3)
  13 jiangshi
  3 spriggan zombies
  5 ice dragons
  4 spriggan air magi
  A merfolk avatar (Abyss:5)
  4 centaur warriors
  2 salamander tyrants (Depths:3)
  3 rakshasas
  2 death knights
  2 ogre magi
  2 spriggan skeletons (Crypt:3)
  2 two-headed ogres (D:14)
  14 vault guards (Vaults:5)
  An alligator (shapeshifter) (Vaults:5)
  An anaconda (Snake:4)
  2 naga warriors (Snake:4)
  A deep troll earth mage (Depths:3)
  3 hell hogs (Abyss:6)
  An ironbound frostheart (Vaults:1)
  3 titan zombies
  37 thrashing horrors
  A deep troll shaman (Depths:1)
  6 dancing weapons
  3 tengu warriors
  2 shock serpents
  10 vampire magi
  A naga sharpshooter (Snake:4)
  A storm dragon zombie (Vaults:2)
  7 hell knights
  3 soul eaters (Crypt:1)
  5 spriggans (Depths:3)
  8 deep elf knights
  A spriggan berserker (Depths:3)
  3 sun demons
  5 sixfirhies
  39 skeletal warriors
  An iron troll (Depths:3)
  15 wretched stars
  4 flayed ghosts
  A shadow wraith (Crypt:2)
  4 spatial maelstroms
  17 deep trolls
  A shadow demon (Abyss:6)
  2 bunyip skeletons
  3 bog bodies (Crypt:2)
  4 glowing orange brains
  A steelbarb worm (shapeshifter) (Depths:2)
  3 wizards
  A swamp dragon (Abyss:6)
  5 necromancers
  7 phantasmal warriors
  4 orc knights
  3 ironbound convokers
  2 deep elf archers
  A jorogumo zombie (Crypt:1)
  14 deep elf pyromancers
  2 lindwurms (Vaults:1)
  7 deep elf zephyrmancers
  4 cyclopes
  A will-o-the-wisp (Abyss:7)
  14 ugly things
  4 worldbinders
  A jorogumo skeleton (Crypt:1)
  A manticore (D:13)
  3 shining eyes (Depths:3)
  An iron dragon skeleton (Crypt:3)
  2 rust devils (Depths:1)
  8 fire giant skeletons (Crypt:3)
  10 vault sentinels
  24 large abominations
  7 smoke demons
  4 gargoyles (Crypt:3)
  4 apocalypse crabs
  A dire elephant skeleton (Crypt:2)
  2 unseen horrors
  2 hellions
  3 orange demons
  A cane toad (Lair:5)
  A sea snake zombie (Crypt:1)
  2 nameless horrors
  2 freezing wraiths (Crypt:1)
  An efreet (Abyss:3)
  A yaktaur (shapeshifter) (Abyss:3)
  13 ancient zymes
  A hellwing (Depths:1)
  5 yaktaurs
  2 dryads (Depths:3)
  2 tengu conjurers (Depths:1)
  A minotaur skeleton (Crypt:2)
  2 guardian mummies (Crypt:3)
  A silent spectre (Abyss:6)
  A merfolk (shapeshifter) (Vaults:5)
  3 hornets (Depths:3)
  A wolf spider simulacrum (D:15)
  A hydra skeleton (Crypt:2)
  2 blink frogs (Abyss:5)
  2 harpy skeletons (Crypt:3)
  A mana viper skeleton (Crypt:2)
  9 slime creatures
  A tarantella (Vaults:3)
  8 raiju
  A deep troll zombie (Vaults:2)
  A jumping spider (Vaults:3)
  7 flying skulls (Crypt:2)
  50 starcursed masses
  4 ettin skeletons
  An air elemental (Elf:3)
  6 fire dragon skeletons (Crypt:3)
  3 water elementals
  4 shadows (Crypt:3)
  7 ynoxinuls
  4 fire elementals
  3 wraiths
  2 fire bats (Abyss:5)
  2 golden eyes (Depths:3)
  3 chaos spawn
  2 vampire mosquitoes (D:14)
  6 neqoxecs
  A redback (Vaults:4)
  A naga (Snake:4)
  A harpy simulacrum (Crypt:1)
  A hell hound (Abyss:5)
  2 spatial vortices (Abyss:6)
  A fire bat skeleton (Crypt:1)
  A floating eye (Depths:2)
  A cane toad zombie (Crypt:1)
  A naga skeleton (Crypt:3)
  A meliai simulacrum (D:14)
  A hornet zombie (Crypt:1)
  4 ogres
  A human zombie (Vaults:5)
  An earth elemental (Elf:2)
  A yaktaur skeleton (Crypt:2)
  A rime drake skeleton (Crypt:1)
  9 small abominations
  A crimson imp (Abyss:7)
  A human simulacrum (Vaults:2)
  An orc priest (Snake:4)
  A naga zombie (Crypt:1)
  8 mummies (Crypt:3)
  2 white imps
  A bat skeleton (Crypt:1)
  A jackal skeleton (Crypt:2)
  An orc skeleton (Crypt:1)
  A rat (D:1)
  2 lurking horrors
  7 starspawn tentacles
856 creatures vanquished.

Vanquished Creatures (collateral kills)
  A dread lich (Vaults:5)
  An ancient lich (Vaults:5)
  Bai Suzhen (Snake:4)
  Saint Roka (Snake:4)
  Nikola (Swamp:1)
  Mlioglotl (Swamp:1)
  2 titans (Vaults:5)
  2 deep elf blademasters (Elf:3)
  2 acid blobs (Depths:3)
  3 sphinxes
  An ancient champion (Crypt:2)
  2 thorn hunters (Swamp:4)
  Kirke (Swamp:1)
  A tentacled starspawn (Abyss:7)
  5 tengu reavers (Vaults:5)
  2 shadow dragons (Vaults:5)
  A rockslime (Depths:3)
  Roxanne (Snake:2)
  8 nagarajas (Snake:4)
  Aizul (Snake:2)
  5 deep elf sorcerers
  3 frost giants
  3 iron dragons
  2 deep elf elementalists
  2 vault wardens (Vaults:5)
  Louise (Snake:4)
  5 quicksilver oozes (Depths:3)
  4 ironbound preservers
  2 stone giants (Vaults:5)
  2 spriggan defenders (Depths:2)
  7 very ugly things
  7 deep elf demonologists
  4 eleionomae
  3 deep elf annihilators
  A white draconian (Depths:4)
  3 bunyips
  A spark wasp (Depths:1)
  3 ettins
  A statue (WizLab)
  2 eidola (Crypt:2)
  8 dire elephants
  5 deep elf death magi
  2 shambling mangroves
  An ettin (shapeshifter) (Vaults:5)
  2 great orbs of eyes
  3 deep elf high priests
  Fannar (Lair:2)
  11 yaktaur captains
  Harold (Lair:2)
  A spriggan skeleton (Crypt:1)
  27 hydras
  5 salamander tyrants
  10 vault guards (Vaults:5)
  An ogre mage (Vaults:5)
  Erolcha (D:9)
  A spriggan air mage (Depths:3)
  2 boulder beetles
  2 ghost crabs (Swamp:4)
  14 centaur warriors (Vaults:2)
  8 anacondas
  8 dancing weapons
  16 naga warriors
  A deep troll shaman (Depths:1)
  9 two-headed ogres
  3 tengu warriors
  9 death yaks
  A catoblepas (D:13)
  11 alligators
  A vampire mage (Swamp:4)
  A merfolk aquamancer (Depths:3)
  A bennu skeleton (Crypt:2)
  3 deep troll earth magi
  12 naga sharpshooters
  4 shock serpents
  4 hell knights
  Urug (Lair:5)
  A thrashing horror (Abyss:6)
  3 spriggan berserkers
  14 deep elf knights
  An iron troll (Depths:3)
  A shadow wraith (Vaults:5)
  A spatial maelstrom (Abyss:7)
  11 skeletal warriors
  5 salamander mystics
  Lodul (D:13)
  21 deep trolls
  6 goliath frogs
  A wizard (Vaults:1)
  2 flayed ghosts (Crypt:2)
  8 deep elf archers
  4 bog bodies
  5 spriggan druids
  15 naga ritualists
  11 swamp dragons
  2 phantasmal warriors
  7 ironbound convokers
  3 lindwurms (Vaults:2)
  6 orc knights (Orc:2)
  2 necromancers
  12 deep elf zephyrmancers
  16 deep elf pyromancers
  An anaconda skeleton (Crypt:1)
  A cyclops (D:10)
  An orc sorcerer (Snake:4)
  7 ugly things
  12 mana vipers
  A worldbinder (Abyss:5)
  23 salamanders
  A salamander (shapeshifter) (Depths:3)
  A wolf spider (Lair:2)
  7 elephants
  A moth of wrath (shapeshifter) (Vaults:5)
  3 will-o-the-wisps
  A manticore (D:12)
  Maurice (D:10)
  A centaur zombie (Crypt:3)
  22 naga magi
  6 guardian serpents
  8 vault sentinels
  A water nymph (Depths:3)
  A fire giant skeleton (Crypt:3)
  3 rime drakes
  33 black mambas
  19 cane toads
  An unseen horror (D:10)
  2 freezing wraiths
  A guardian mummy (D:11)
  7 komodo dragons
  22 yaktaurs
  2 dryads (Depths:3)
  5 tengu conjurers (WizLab)
  11 tyrant leeches
  A harpy zombie (Crypt:1)
  2 ancient zymes
  6 hornets
  A bloated husk (Swamp:4)
  3 trolls
  Grinder (D:3)
  A tarantella (shapeshifter) (Elf:2)
  5 polar bears
  16 blink frogs
  Prince Ribbit (D:8)
  11 slime creatures
  A human simulacrum (Vaults:2)
  A fire dragon skeleton (Crypt:3)
  A shadow (D:9)
  2 air elementals (Elf:3)
  10 spriggans
  A water elemental (Elf:3)
  29 yaks
  6 hogs (Swamp:1)
  A small abomination (Abyss:5)
  4 nameless horrors
  11 wraiths
  6 wyverns
  3 basilisks
  12 vampire mosquitoes
  A chaos spawn (Abyss:2)
  3 golden eyes (Depths:3)
  A faun zombie (Crypt:2)
  A redback (Vaults:3)
  8 wargs
  A spatial vortex (Abyss:7)
  43 nagas
  2 large abominations (Abyss:7)
  4 acid dragons
  9 swamp worms
  15 water moccasins
  An ice beast (D:5)
  39 orc warriors
  11 swamp drakes
  3 boggarts (D:14)
  17 ogres
  2 black bears
  19 wolves
  6 centaurs
  A human skeleton (Vaults:5)
  4 phantoms (D:5)
  4 kobold brigands
  A gnoll sergeant (D:10)
  19 bullfrogs
  3 scorpions
  2 earth elementals
  12 wights
  11 killer bees
  6 howler monkeys
  An electric eel (Lair:5)
  3 starcursed masses
  A lava snake (D:8)
  2 jellies
  9 orc priests
  3 hounds
  A gnoll bouda (D:9)
  5 iguanas
  Jessica (D:3)
  18 orc wizards
  Natasha (thrice) (D:2)
  4 hell rats (Lair:5)
  3 gnolls
  6 adders
  3 white imps
  A worm (D:2)
  2 dart slugs
  68 orcs
  4 endoplasms
  4 giant cockroaches
  10 goblins
  10 hobgoblins
  7 jackals
  9 ball pythons
  6 bats
  2 frilled lizards (D:1)
  16 kobolds
  6 rats
  9 briar patches (Swamp:4)
  A bush (Lair:5)
  A butterfly (Lair:1)
  A starspawn tentacle (Abyss:7)
1260 creatures vanquished.

Vanquished Creatures (others)
  6 acid blobs
  2 tentacled starspawn (Abyss:7)
  An eldritch tentacle (Abyss:4)
  7 ironbound preservers
  A stone giant (Vaults:4)
  A vampire knight (Vaults:2)
  2 dire elephants (Vaults:3)
  Snorg (Lair:5)
  2 yaktaur captains
  A jiangshi (Crypt:2)
  3 great orbs of eyes
  A vault guard (Vaults:5)
  2 great orbs of eyes (shapeshifter) (Abyss:5)
  A hydra (Swamp:4)
  3 ironbound frosthearts
  An ogre mage (Abyss:7)
  A two-headed ogre (D:10)
  A naga warrior (Snake:2)
  3 hell hogs (Abyss:7)
  A vampire mage (Vaults:2)
  An alligator (Swamp:1)
  3 death yaks
  6 thrashing horrors
  A wretched star (Abyss:6)
  12 deep trolls
  2 swamp dragons
  13 glowing orange brains
  A deep elf archer (Elf:1)
  A death drake (shapeshifter) (Vaults:3)
  A bog body (Swamp:1)
  3 ironbound convokers
  2 naga ritualists (Snake:1)
  2 necromancers
  2 deep elf pyromancers
  A cyclops (D:11)
  2 ugly things
  5 shining eyes
  A will-o-the-wisp (Swamp:4)
  A fire giant skeleton (Vaults:3)
  2 black mambas
  2 smoke demons
  A guardian serpent (shapeshifter) (Abyss:5)
  A vault sentinel (Vaults:1)
  An eye of devastation (Abyss:5)
  Maggie (D:6)
  A komodo dragon (Lair:1)
  A hellwing (Abyss:7)
  3 ancient zymes
  2 bloated husks
  2 trolls
  3 blink frogs
  4 raiju
  12 slime creatures
  A flying skull (Abyss:6)
  11 yaks
  2 ynoxinuls (Abyss:7)
  A spriggan (Lair:1)
  2 wraiths
  8 small abominations (Abyss:6)
  46 golden eyes
  A chaos spawn (Abyss:7)
  An elf skeleton (Vaults:3)
  2 spatial vortices (Abyss:7)
  A swamp worm (Swamp:4)
  2 nagas
  A warg (Snake:4)
  14 large abominations
  A floating eye (Abyss:6)
  3 orc warriors
  A human zombie (Vaults:3)
  A black bear (shapeshifter) (Abyss:6)
  A black bear (D:10)
  6 starcursed masses
  A human (D:9)
  A kobold brigand (D:9)
  3 bullfrogs
  A scorpion (D:6)
  A necrophage (Crypt:2)
  2 wights
  4 killer bees
  21 jellies
  2 orc wizards
  A nameless horror (Snake:2)
  A gnoll (D:10)
  An ufetubus (Abyss:3)
  An orc (D:11)
  2 bushes
  2 demonic plants (Abyss:7)
  26 foxfires
  94 fungi
  6 lurking horrors
  180 plants
  33 snaplasher vines
  66 starspawn tentacles
  48 withered plants (Crypt:3)
740 creatures vanquished.

Grand Total: 2856 creatures vanquished

Notes
Turn   | Place    | Note
-------+----------+-------------------------------------------
     0 | D:1      | Exodus22XD the Felid Summoner began the quest for the Orb.
     0 | D:1      | Reached XP level 1. HP: 7/7 MP: 4/4
   218 | D:1      | Reached XP level 2. HP: 10/11 MP: 1/6
   221 | D:1      | Learned a level 2 spell: Call Imp
   593 | D:1      | Reached XP level 3. HP: 6/14 MP: 3/7
   597 | D:1      | Learned a level 3 spell: Call Canine Familiar
  1588 | D:2      | Found a faded altar of an unknown god.
  1784 | D:3      | Noticed Jessica
  1830 | D:3      | Reached skill level 5 in Summonings
  1830 | D:3      | Reached XP level 4. HP: 18/18 MP: 4/9
  1890 | D:3      | Noticed Grinder
  1904 | D:3      | Noticed Natasha
  1928 | D:2      | Killed Natasha
  1994 | D:2      | Noticed Natasha
  2208 | D:2      | Killed Natasha
  2256 | D:2      | Noticed Natasha
  2273 | D:2      | Killed Natasha
  2274 | D:2      | Reached XP level 5. HP: 21/21 MP: 7/11
  2334 | D:3      | Learned a level 3 spell: Summon Guardian Golem
  2635 | D:3      | Killed Grinder
  2636 | D:3      | Gained mutation: You are covered in thick fur. (AC +2)
                  | [Felid growth]
  2636 | D:3      | Reached XP level 6. HP: 16/24 MP: 7/14
  2696 | D:3      | Killed Jessica
  2805 | D:3      | Found a glowing silver altar of Zin.
  3579 | D:4      | Reached skill level 1 in Hexes
  3682 | D:4      | Reached skill level 5 in Spellcasting
  3949 | D:4      | Reached XP level 7. HP: 27/27 MP: 7/15
  4033 | D:4      | Identified the +12 mace "Seevovvi" {vorpal, Fly rN+ Str-5
                  | Int+3}
  4039 | D:4      | Found a broken altar of Ashenzari.
  4249 | D:5      | Entered Level 5 of the Dungeon
  4490 | D:5      | Learned a level 4 spell: Summon Lightning Spire
  4649 | D:5      | Reached XP level 8. HP: 31/31 MP: 15/18
  4677 | D:5      | Reached skill level 1 in Air Magic
  5002 | D:5      | Found an opulent altar of Gozag.
  5007 | D:5      | Became a worshipper of Gozag Ym Sagoz the Greedy
  5714 | D:6      | Noticed Maggie
  5731 | D:6      | Reached skill level 5 in Hexes
  5750 | D:6      | Killed Maggie
  5761 | D:6      | Reached XP level 9. HP: 34/34 MP: 9/20
  5824 | D:6      | Found a staircase to the Ecumenical Temple.
  6496 | D:7      | Found a shimmering altar of Xom.
  6586 | D:7      | Found a hide-covered altar of Uskayaw.
  6586 | D:7      | Found an iron altar of Okawaru.
  6586 | D:7      | Found a glowing golden altar of the Shining One.
  6855 | D:8      | Found a flagged portal.
  7129 | D:8      | Noticed Prince Ribbit
  7235 | D:8      | Killed Prince Ribbit
  7776 | D:9      | Reached XP level 10. HP: 37/37 MP: 18/23
  7876 | D:9      | Found an ancient bone altar of Kikubaaqudgha.
  7908 | D:9      | Reached skill level 10 in Summonings
  8093 | D:9      | Noticed a deep elf pyromancer
  8102 | D:9      | Killed a deep elf pyromancer
  8103 | D:9      | Reached skill level 5 in Air Magic
  8216 | D:9      | Noticed a two-headed ogre
  8234 | D:9      | Killed a two-headed ogre
  8235 | D:9      | Reached skill level 10 in Spellcasting
  8348 | D:9      | Identified the amulet of the Pharaoh's Fist {RegenMP Fly
                  | rC+ rCorr}
  8367 | D:9      | Reached skill level 1 in Fighting
  8608 | D:9      | Noticed Erolcha
  8625 | D:9      | Killed Erolcha
  8707 | D:9      | Found a bloodstained altar of Trog.
  8815 | D:10     | Entered Level 10 of the Dungeon
  8920 | D:10     | Reached skill level 5 in Dodging
  8920 | D:10     | Noticed a cyclops
  8920 | D:10     | Noticed a two-headed ogre
  8930 | D:10     | Killed a two-headed ogre
  8931 | D:10     | Reached XP level 11. HP: 45/45 MP: 18/26
  9228 | D:10     | Reached skill level 5 in Fighting
  9406 | D:10     | Found a staircase to the Lair.
  9430 | D:10     | Noticed Maurice
  9470 | D:10     | Killed Maurice
  9920 | D:10     | Found a shadowy altar of Dithmenos.
 10054 | D:10     | Noticed a two-headed ogre
 10067 | D:10     | Killed a two-headed ogre
 10146 | Lair:1   | Entered Level 1 of the Lair of Beasts
 10158 | Lair:1   | Bought a book of the Wilderness for 570 gold pieces
 10164 | Lair:1   | Learned a level 5 spell: Summon Forest
 10182 | Lair:1   | Reached skill level 1 in Translocations
 10228 | Lair:1   | Noticed a death yak
 10240 | Lair:1   | Noticed a death yak
 10250 | Lair:1   | Killed a death yak
 10250 | Lair:1   | Noticed a death yak
 10252 | Lair:1   | Noticed a death yak
 10252 | Lair:1   | Noticed a death yak
 10274 | Lair:1   | Killed a death yak
 10275 | Lair:1   | Reached skill level 5 in Translocations
 10275 | Lair:1   | Gained mutation: Your thick and shaggy fur keeps you warm.
                  | (AC +3, rC+) [Felid growth]
 10275 | Lair:1   | Reached XP level 12. HP: 54/54 MP: 9/27
 10291 | Lair:1   | Killed a death yak
 10292 | Lair:1   | Reached skill level 10 in Dodging
 10296 | Lair:1   | Noticed a death yak
 10296 | Lair:1   | Killed a death yak
 10312 | Lair:1   | Killed a death yak
 10316 | Lair:1   | Killed a death yak
 11159 | Lair:2   | Noticed Fannar
 11180 | Lair:2   | Killed Fannar
 11531 | Lair:2   | Noticed Harold
 11538 | Lair:2   | Killed Harold
 11539 | Lair:2   | Reached skill level 10 in Translocations
 11546 | Lair:2   | Learned a level 6 spell: Summon Cactus Giant
 11565 | Lair:2   | Identified the +2 pair of boots "Muosoela" {Fly rElec}
 11882 | Lair:3   | Reached XP level 13. HP: 61/61 MP: 21/28
 11948 | Lair:3   | Reached skill level 10 in Fighting
 12362 | D:11     | Found a portal to a secret trove of treasure.
 13417 | D:12     | Found a staircase to the Orcish Mines.
 13480 | Orc:1    | Entered Level 1 of the Orcish Mines
 13596 | Orc:2    | Entered Level 2 of the Orcish Mines
 13596 | Orc:2    | Noticed an ettin
 13609 | Orc:2    | Killed an ettin
 13837 | Orc:2    | Found a staircase to the Elven Halls.
 14131 | Orc:2    | Found Qemis's Book Shoppe.
 14131 | Orc:2    | Found Togikur's Distillery.
 14159 | Orc:2    | Bought a potion of curing for 54 gold pieces
 14159 | Orc:2    | Bought a potion of heal wounds for 90 gold pieces
 14159 | Orc:2    | Bought a potion of invisibility for 144 gold pieces
 14159 | Orc:2    | Bought a potion of curing for 54 gold pieces
 14159 | Orc:2    | Bought a potion of heal wounds for 90 gold pieces
 14373 | Orc:2    | Found Itahefek's Distillery.
 14373 | Orc:2    | Found Buufy's Assorted Antiques.
 14389 | Orc:2    | Bought a potion of ambrosia for 120 gold pieces
 14389 | Orc:2    | Bought a potion of heal wounds for 75 gold pieces
 14389 | Orc:2    | Bought 2 potions of heal wounds for 150 gold pieces
 15280 | Lair:3   | Bought the Folio of the Mercurial Black Widow for 816 gold
                  | pieces
 15287 | Lair:3   | Learned a level 6 spell: Statue Form
 15498 | Lair:3   | Found a staircase to the Snake Pit.
 15520 | Lair:3   | Found a staircase to the Swamp.
 15551 | Lair:3   | Reached XP level 14. HP: 66/66 MP: 22/29
 15557 | Lair:3   | Reached skill level 1 in Transmutations
 16297 | Lair:5   | Entered Level 5 of the Lair of Beasts
 16297 | Lair:5   | Noticed Urug
 16352 | Lair:5   | Noticed Snorg
 16364 | Lair:5   | Killed Snorg
 16779 | Lair:5   | Reached skill level 5 in Transmutations
 16783 | Lair:5   | Reached skill level 15 in Dodging
 17092 | Lair:5   | Killed Urug
 17181 | Lair:5   | Found a viscous altar of Jiyva.
 17183 | Lair:5   | Found a staircase to the Slime Pits.
 17459 | Lair:5   | Bought a scroll of identify for 30 gold pieces
 17459 | Lair:5   | Bought a scroll of identify for 30 gold pieces
 17463 | Lair:5   | Bought a scroll of identify for 30 gold pieces
 17463 | Lair:5   | Bought a scroll of identify for 30 gold pieces
 17468 | Lair:5   | Bought a scroll of blinking for 112 gold pieces
 17521 | Swamp:1  | Entered Level 1 of the Swamp
 17538 | Swamp:1  | Noticed Kirke
 17545 | Swamp:1  | Killed Kirke
 17678 | Swamp:1  | Reached XP level 15. HP: 60/72 MP: 22/30
 17749 | Swamp:1  | Identified a scroll of acquirement
 17751 | Swamp:1  | Acquired the ring "Tiohicub" {rPois rF++ rCorr Int+6 Dex-2}
 17792 | Swamp:1  | Noticed Mlioglotl
 17817 | Swamp:1  | Killed Mlioglotl
 17900 | Swamp:1  | Noticed Nikola
 17926 | Swamp:1  | Killed Nikola
 18154 | Swamp:2  | Noticed popps's ghost (adept MiBe)
 18157 | Swamp:2  | Reached skill level 10 in Transmutations
 18192 | Swamp:2  | Found a runed translucent door.
 18347 | Swamp:2  | Found a transporter.
 18424 | Swamp:2  | Found a transporter.
 18506 | Swamp:2  | Acquired 655 gold pieces
 19134 | Swamp:3  | Reached skill level 1 in Earth Magic
 19431 | Swamp:4  | Entered Level 4 of the Swamp
 19792 | Swamp:4  | Killed by an exploding bloated husk... set off by their pet
 19793 | Swamp:4  | Reached XP level 14. HP: -4/69 MP: 26/29
 19793 | Swamp:4  | Reached XP level 15. HP: 72/72 MP: 30/30
 20122 | Swamp:3  | Noticed a thorn hunter
 20231 | Swamp:4  | Noticed a thorn hunter
 20244 | Swamp:4  | Killed a thorn hunter
 20245 | Swamp:4  | Reached skill level 15 in Transmutations
 20305 | Swamp:4  | Reached XP level 16. HP: 76/76 MP: 11/31
 20806 | Swamp:4  | Noticed a thorn hunter
 20851 | Swamp:4  | Killed a thorn hunter
 21258 | Swamp:4  | Got a decaying rune of Zot
 21427 | Lair:3   | Learned a level 7 spell: Summon Hydra
 21435 | Snake:1  | Entered Level 1 of the Snake Pit
 21548 | Snake:1  | Identified the ring "Ynoroh" {rElec rPois rF- Int-4 Slay+4}
 21548 | Snake:1  | Identified the amulet "Jasoph" {rElec rN+ Will+ Regen+
                  | Str-4}
 21813 | Snake:1  | Got the Monograph on Geometric Stolen Souls
 22435 | Snake:2  | Reached skill level 1 in Unarmed Combat
 22524 | Snake:2  | Noticed Aizul
 22527 | Snake:2  | Reached skill level 15 in Summonings
 22530 | Snake:2  | Killed Aizul
 22581 | Snake:2  | Identified the ring "Jocwuzol" {Contam rF+ rCorr Int+2}
 22700 | Snake:2  | Noticed Vashnia
 22712 | Snake:2  | Shot with a bolt by a naga sharpshooter
 22713 | Snake:2  | Reached XP level 15. HP: -5/94 MP: 11/30
 22820 | Snake:2  | Identified Roxanne's Reference Book on Moulding
 22820 | Snake:2  | Noticed Roxanne
 22911 | Snake:2  | Killed Roxanne
 23008 | Snake:2  | Reached XP level 16. HP: 76/76 MP: 8/31
 23217 | Snake:3  | Found Pebry's Weapon Shop.
 23301 | Snake:3  | Found Liadwu's Book Boutique.
 23301 | Snake:3  | Found Seiwetot's Antique Armour Shop.
 23305 | Snake:3  | Found Likkai's Antique Armour Boutique.
 23313 | Snake:3  | Bought a Grand Grimoire for 408 gold pieces
 23490 | Snake:3  | Reached skill level 5 in Earth Magic
 23793 | Snake:3  | Found Daiq Gaehi's Mass Market.
 24119 | Snake:4  | Entered Level 4 of the Snake Pit
 24269 | Snake:4  | Reached skill level 5 in Unarmed Combat
 24440 | Snake:4  | Noticed Bai Suzhen
 24448 | Snake:4  | Noticed Saint Roka
 24451 | Snake:4  | Killed from afar by a salamander tyrant
 24452 | Snake:4  | Reached XP level 15. HP: -11/94 MP: 3/30
 24488 | Snake:4  | Killed Saint Roka
 24523 | Snake:4  | Noticed a nagaraja
 24529 | Snake:4  | Killed a nagaraja
 24544 | Snake:4  | Killed Bai Suzhen
 24839 | Snake:4  | Noticed a nagaraja
 25448 | Snake:4  | Noticed a nagaraja
 25454 | Snake:4  | Reached XP level 16. HP: 77/77 MP: 5/31
 25582 | Snake:4  | Noticed Louise
 25606 | Snake:4  | Killed Louise
 25795 | Snake:4  | Got a serpentine rune of Zot
 26192 | Elf:1    | Entered Level 1 of the Elven Halls
 26245 | Elf:1    | Reached skill level 10 in Unarmed Combat
 26367 | Elf:1    | Found Ruuco's Jewellery Emporium.
 27447 | Elf:1    | Found the brooch of Shielding {Spirit SH+8}
 27567 | Elf:1    | Reached XP level 17. HP: 81/81 MP: 8/33
 27870 | Elf:2    | Found Dughuly's Book Boutique.
 28505 | Elf:2    | Found Uluewnit's Jewellery Shop.
 28505 | Elf:2    | Found Pura's Book Shoppe.
 28507 | Elf:2    | Found Nemaor's Jewellery Shop.
 28661 | Elf:2    | Found a runed translucent gate.
 28662 | Elf:2    | Found a runed translucent gate.
 28662 | Elf:2    | Found a runed translucent gate.
 28771 | Elf:3    | Entered Level 3 of the Elven Halls
 28801 | Elf:3    | Identified the +2 robe of Inviolability {Str+5 Int+3}
 28897 | Elf:3    | Paralysed by an air elemental for 1 turns
 28988 | Elf:3    | Found Vobbajif's Jewellery Shoppe.
 29515 | Abyss:2  | Cast into level 2 of the Abyss (a deep elf sorcerer)
 29541 | Abyss:2  | Found a corrupted altar of Lugonu.
 29674 | Elf:3    | Escaped the Abyss
 29689 | Elf:3    | Noticed a Hell Sentinel
 29722 | Elf:3    | Noticed a Tzitzimitl
 29883 | Elf:3    | Noticed a deep elf blademaster
 29892 | Elf:3    | Killed a deep elf blademaster
 29912 | Elf:3    | Noticed a deep elf master archer
 30686 | Elf:3    | Identified the +0 leather armour "Neacin" {rElec rC- Int+3
                  | Stlth+}
 30724 | Elf:3    | Found the +2 shield of Resistance {rF++ rC++ Will++}
 30768 | Elf:3    | Noticed a deep elf blademaster
 30770 | Elf:3    | Noticed a deep elf master archer
 30773 | Elf:3    | Killed a deep elf blademaster
 31026 | Elf:3    | Identified the ring of Perfectionism {Str+6 Dex+4 Slay+4}
 31041 | Elf:3    | Killed a deep elf master archer
 31059 | Elf:3    | Got Qorury's Atlas of Bolts and Pestilence
 31065 | Elf:3    | Got Iqienibb's Essays on Charged Toxins
 31148 | Elf:2    | Bought a potion of heal wounds for 90 gold pieces
 31148 | Elf:2    | Bought a potion of cancellation for 144 gold pieces
 31148 | Elf:2    | Bought a potion of brilliance for 72 gold pieces
 31148 | Elf:2    | Bought a potion of haste for 180 gold pieces
 31148 | Elf:2    | Bought a potion of curing for 54 gold pieces
 31384 | Lair:5   | Bought a scroll of fear for 60 gold pieces
 31384 | Lair:5   | Bought a scroll of silence for 142 gold pieces
 31384 | Lair:5   | Bought a scroll of teleportation for 45 gold pieces
 31725 | D:13     | Noticed Josephine
 31732 | D:13     | Killed Josephine
 31735 | D:13     | Reached XP level 18. HP: 85/85 MP: 21/36
 31950 | D:13     | Found Viyr's Armour Boutique.
 32008 | D:13     | Found a gate to the Vaults.
 32022 | D:13     | Noticed Lodul
 32029 | D:13     | Killed Lodul
 32122 | D:13     | Acquired 530 gold pieces
 32313 | D:14     | Learned a level 2 spell: Wereblood
 32739 | D:15     | Entered Level 15 of the Dungeon
 33175 | D:15     | Found a staircase to the Depths.
 33388 | Vaults:1 | Entered Level 1 of the Vaults
 33538 | Vaults:1 | Found a magical portal.
 33580 | WizLab   | Entered Iskenderun's Mystic Tower
 34663 | Vaults:1 | Learned a level 5 spell: Yara's Violent Unravelling
 34672 | Vaults:1 | Identified the +1 leather armour of Vilofeu {rCorr Str-3
                  | Int+3 Dex+3}
 34842 | Vaults:1 | Identified the +7 trident of Piysta {flame, rF- rCorr
                  | Stlth+}
 35515 | Vaults:2 | Found a staircase to the Crypt.
 35963 | Vaults:2 | Reached skill level 15 in Spellcasting
 36186 | Vaults:2 | Identified the +1 buckler of Precision Catastrophes {rF+}
 36705 | Vaults:3 | Reached XP level 19. HP: 90/90 MP: 19/39
 37130 | Vaults:3 | Reached skill level 15 in Unarmed Combat
 38289 | Vaults:4 | Found Xempubb's Antique Armour Shoppe.
 38326 | Vaults:4 | Found a runed translucent gate.
 38326 | Vaults:4 | Found a runed translucent gate.
 38326 | Vaults:4 | Found a runed translucent gate.
 38327 | Vaults:4 | Noticed SpeedRobin's ghost (adept DDFi)
 38520 | Vaults:4 | Reached skill level 15 in Fighting
 38568 | Vaults:5 | Entered Level 5 of the Vaults
 38723 | Vaults:5 | Noticed an ancient lich
 38739 | Vaults:5 | Killed an ancient lich
 39331 | Vaults:5 | Noticed a dread lich
 39341 | Vaults:5 | Killed a dread lich
 39342 | Vaults:5 | Reached XP level 20. HP: 76/97 MP: 16/41
 39815 | Vaults:5 | Got a silver rune of Zot
 39955 | Vaults:5 | Noticed a golden dragon
 39994 | Vaults:5 | Killed a golden dragon
 40118 | Vaults:5 | Identified the +4 chain mail "Ciotib" {Dex+2}
 40343 | Vaults:5 | Noticed an ancient lich
 40356 | Vaults:5 | Killed an ancient lich
 40962 | Vaults:5 | Identified the +8 war axe "Dragonbane" {vorpal, rF+}
 40962 | Vaults:5 | Identified the amulet of Lesir {Spirit rN+}
 41183 | Vaults:5 | Got the Guide on Lethal Spelunking
 41217 | Vaults:5 | Got the Excursus on Congealing Glamour
 41303 | Vaults:5 | Bought a potion of curing for 60 gold pieces
 41303 | Vaults:5 | Bought a potion of curing for 60 gold pieces
 41494 | Depths:1 | Entered Level 1 of the Depths
 41630 | Depths:1 | Found a gateway to Hell.
 41816 | Depths:1 | Found a one-way gate leading to the halls of Pandemonium.
 41869 | Depths:1 | Reached XP level 21. HP: 96/100 MP: 32/42
 42207 | Depths:1 | Found a runed translucent door.
 42734 | Depths:2 | Noticed a caustic shrike
 42748 | Depths:2 | Killed a caustic shrike
 42781 | Depths:2 | Found the +7 Spriggan's Knife {stab, EV+4 Stlth+}
 42810 | Depths:2 | Got The Last Secrets of Hermeneutics
 42861 | Depths:2 | Found a one-way gateway to a ziggurat.
 43287 | Depths:2 | Found an ornate altar of the Wu Jian Council.
 43289 | Depths:2 | Found a white marble altar of Elyvilon.
 43289 | Depths:2 | Found a glowing silver altar of Zin.
 43291 | Depths:2 | Found a shimmering altar of Xom.
 43291 | Depths:2 | Found a bloodstained altar of Trog.
 43291 | Depths:2 | Found a blossoming altar of Fedhas.
 43504 | Depths:3 | Found a one-way gate to the infinite horrors of the Abyss.
 43865 | Depths:3 | Identified the amulet of Elyvilon's Anger {RegenMP Rampage
                  | Dex+3}
 43970 | Depths:3 | Identified the amulet of Viosh {Spirit rC+ rN+}
 44024 | Depths:3 | Found a runed translucent gate.
 44040 | Depths:3 | Found a runed translucent gate.
 44040 | Depths:3 | Found a runed translucent gate.
 44042 | Depths:3 | Found an opulent altar of Gozag.
 44043 | Depths:3 | Noticed Yvourr's ghost (adept DrTm)
 44838 | Depths:4 | Entered Level 4 of the Depths
 44925 | Depths:4 | Noticed a golden dragon
 44931 | Depths:4 | Killed a golden dragon
 45242 | Depths:4 | Found a corrupted altar of Lugonu.
 45283 | Depths:4 | Reached XP level 22. HP: 108/108 MP: 37/43
 45810 | Depths:4 | Found a gate to the Realm of Zot.
 46460 | Lair:1   | Bought a book of Fire for 660 gold pieces
 46465 | Lair:1   | Learned a level 4 spell: Passage of Golubria
 46565 | Lair:5   | Fell from the grace of Gozag
 46565 | Lair:5   | Became a worshipper of Jiyva Juceaf the Shapeless
 46810 | Crypt:1  | Entered Level 1 of the Crypt
 46836 | Crypt:1  | Noticed Boris
 46850 | Crypt:1  | Killed Boris
 47103 | Crypt:1  | Reached * piety under Jiyva
 47393 | Crypt:1  | Noticed Xtahua
 47400 | Crypt:1  | Killed Xtahua
 47836 | Crypt:2  | Found a transporter.
 47838 | Crypt:2  | Found a transporter.
 47841 | Crypt:2  | Noticed Boris
 47843 | Crypt:2  | Noticed a dread lich
 47849 | Crypt:2  | Killed Boris
 47857 | Crypt:2  | HP: 3/140 [phantasmal warrior (17)]
 47965 | Crypt:2  | Reached ** piety under Jiyva
 48097 | Crypt:2  | Identified the +1 robe of Jysyf {Drain rPois rC+ Dex+3}
 48177 | Crypt:2  | Found a transporter.
 48195 | Crypt:2  | Found a transporter.
 48216 | Crypt:2  | Found a transporter.
 48295 | Crypt:2  | Reached *** piety under Jiyva
 48332 | Crypt:2  | Gained mutation: You have acidic saliva. [Jiyva's grace]
 48332 | Crypt:2  | Gained mutation: You are strong-willed. (Will+) [Jiyva's
                  | grace]
 48332 | Crypt:2  | Gained mutation: You are highly strong-willed. (Will++)
                  | [Jiyva's grace]
 48332 | Crypt:2  | Gained mutation: You are extremely strong-willed. (Will+++)
                  | [Jiyva's grace]
 48512 | Crypt:1  | Found a basalt altar of Yredelemnul.
 48548 | Crypt:3  | Entered Level 3 of the Crypt
 48869 | Crypt:3  | Reached **** piety under Jiyva
 48921 | Crypt:3  | Reached XP level 23. HP: 112/112 MP: 45/45
 49333 | Crypt:3  | Got Leuwim's Dissertation on Exhumation
 49420 | Crypt:3  | Found a staircase to the Tomb.
 49458 | Crypt:3  | Identified the +1 ring mail of the Abyss {Will++ Regen+
                  | Int-5 Slay+2}
 49461 | Crypt:3  | Noticed an ancient lich
 49465 | Crypt:3  | Killed an ancient lich
 49700 | Crypt:3  | Found an ancient bone altar of Kikubaaqudgha.
 49734 | Crypt:3  | Noticed an ancient lich
 49740 | Crypt:3  | Killed an ancient lich
 49869 | Crypt:2  | Identified the +2 quarterstaff "Peimepn" {freeze, rPois
                  | rCorr}
 49926 | Crypt:2  | Killed a dread lich
 49948 | Crypt:2  | Got the Volume of Petrified Necromancy
 50073 | Crypt:2  | Learned a level 9 spell: Death's Door
 50397 | Slime:1  | Entered Level 1 of the Pits of Slime
 51123 | Slime:5  | Entered Level 5 of the Pits of Slime
 51135 | Slime:5  | Found a viscous altar of Jiyva.
 51140 | Slime:5  | Noticed the Royal Jelly
 51604 | Depths:3 | Voluntarily entered the Abyss.
 51663 | Abyss:3  | Reached skill level 1 in Necromancy
 51726 | Abyss:3  | Gained mutation: You are robust. (+10% HP) [Jiyva's grace]
 51726 | Abyss:3  | Gained mutation: You are very robust. (+20% HP) [Jiyva's
                  | grace]
 51726 | Abyss:3  | Gained mutation: You are extremely robust. (+30% HP)
                  | [Jiyva's grace]
 51726 | Abyss:3  | Gained mutation: Your rubbery body absorbs attacks. (AC +1,
                  | EV +1) [Jiyva's grace]
 51855 | Abyss:3  | Paralysed by accursed screaming for 1 turns
 51872 | Abyss:3  | Reached skill level 5 in Necromancy
 51926 | Abyss:3  | Reached ***** piety under Jiyva
 52101 | Abyss:5  | Paralysed by accursed screaming for 1 turns
 52205 | Abyss:5  | Paralysed by accursed screaming for 1 turns
 52210 | Abyss:5  | Paralysed by accursed screaming for 1 turns
 52218 | Abyss:5  | Paralysed by accursed screaming for 1 turns
 52294 | Abyss:6  | Gained mutation: Your body sometimes deteriorates upon
                  | taking damage. [a neqoxec]
 52300 | Abyss:6  | Reached skill level 10 in Necromancy
 52346 | Abyss:6  | Gained mutation: Potions are less effective at restoring
                  | your health. [a neqoxec]
 52349 | Abyss:6  | Gained mutation: You are dopey. (Int -2) [a neqoxec]
 52360 | Abyss:6  | Reached XP level 24. HP: 152/152 MP: 45/45
 52395 | Abyss:6  | Gained mutation: You occasionally shout uncontrollably at
                  | your foes. [a neqoxec]
 52406 | Abyss:6  | Was forgiven by Gozag
 52436 | Abyss:6  | Paralysed by accursed screaming for 1 turns
 52441 | Abyss:6  | Paralysed by accursed screaming for 2 turns
 52450 | Abyss:6  | Paralysed by accursed screaming for 2 turns
 52457 | Abyss:6  | Paralysed by accursed screaming for 2 turns
 52465 | Abyss:6  | Killed from afar by a starcursed mass
 52466 | Abyss:6  | Reached XP level 23. HP: -3/145 MP: 36/36
 52667 | Abyss:6  | Found a hazy altar of Hepliaklqana.
 52699 | Abyss:6  | Noticed a dread lich
 52717 | Abyss:7  | Entered Level 7 of the Abyss
 52901 | Abyss:7  | Lost mutation: Potions are less effective at restoring your
                  | health. [potion of mutation]
 52901 | Abyss:7  | Lost mutation: Your rubbery body absorbs attacks. (AC +1,
                  | EV +1) [potion of mutation]
 52901 | Abyss:7  | Lost mutation: Your body sometimes deteriorates upon taking
                  | damage. [potion of mutation]
 52901 | Abyss:7  | Lost mutation: You are dopey. (Int -2) [potion of mutation]
 52920 | Abyss:7  | HP: 9/188 [starcursed mass/accursed screaming (15)]
 52921 | Abyss:7  | Paralysed by accursed screaming for 2 turns
 52921 | Abyss:7  | Demolished by a large abomination
 52922 | Abyss:7  | Reached XP level 22. HP: -15/183 MP: 44/44
 52930 | Abyss:7  | Noticed a dread lich
 52961 | Abyss:7  | Paralysed by accursed screaming for 2 turns
 52978 | Abyss:7  | Killed a dread lich
 52998 | Depths:3 | Escaped the Abyss
 53121 | Depths:3 | Reached skill level 15 in Necromancy
 53142 | Depths:3 | Voluntarily entered the Abyss.
 53142 | Abyss:7  | Entered Level 7 of the Abyss
 53170 | Abyss:7  | Paralysed by accursed screaming for 1 turns
 53174 | Abyss:7  | Paralysed by accursed screaming for 2 turns
 53182 | Abyss:7  | Paralysed by accursed screaming for 1 turns
 53191 | Abyss:7  | Paralysed by accursed screaming for 2 turns
 53198 | Abyss:7  | HP: 7/154 [crystal guardian (19)]
 53202 | Abyss:7  | HP: 2/154 [thrashing horror (11)]
 53205 | Abyss:7  | Mangled by a thrashing horror

Illustrated notes

Levels and vault maps discovered:
D:1:      saegor_arrival_simple_b, layout_basic, minmay_misc_feat_encased
D:2:      layout_basic, nicolae_ecumenical_oubliette, guppyfry_early_lair_pool
D:3:      layout_loops_cross, lemuel_crystal_altar, minmay_hedge_maze,
          minmay_increasing_density, uniq_jessica, uniq_natasha,
          uniq_crazy_yiuf_cottage, uniq_grinder
D:4:      layout_cave_pools, mainiacjoe_overflow_small_starburst
D:5:      kb_forest_paths, layout_basic,
          nicolae_gozag_cash_rules_everything_around_me
D:6:      layout_layer_cave, minmay_temple_entry_gardened_gates, uniq_maggie
D:7:      layout_rooms, mainiacjoe_overflow_brackets,
          gammafunk_temple_overflow_claw
D:8:      layout_basic, enter_bailey_5, grunt_ogre_cave,
          nicolae_kite_square_tiling_tiny, uniq_prince_ribbit1
D:9:      minmay_octagon_keep, layout_stronghold, tgw_kikubaaqudgha,
          kennysheep_mini_moat, lightli_fourway_metalbox, uniq_erolcha
D:10:     layout_loops_corners, mainiacjoe_overflow_paths,
          due_lair_maze_entry_diamond, st_stairs_4, minmay_misc_feat_nine_boxes,
          kennysheep_crisscross, abandoned_shop, uniq_maurice
D:11:     layout_layer_cave, nicolae_trove_entry_path_of_doom
D:12:     layout_roguey, david_orc_3, gauntlet_entry_generic
D:13:     layout_rooms, david_vaults_2, serial_shops, nicolae_shop_statue_plus,
          minmay_bent, uniq_lodul, uniq_josephine
D:14:     layout_loops_ring
D:15:     grunt_enter_depths_snipers, layout_loops_ring, lemuel_old_faithful
Lair:1:   layout_regular_city, wad_woods_02, grunt_megastairs_5,
          lemuel_fruit_fields
Lair:2:   layout_chaotic_city, nicolae_lair_run_with_the_wolves,
          serial_bayou_shore_b, uniq_harold, uniq_fannar
Lair:3:   layout_chaotic_city, swamp_mist, guppyfry_snake_entry_island,
          hangedman_lair_generics_rect
Lair:4:   layout_long_grid, minivault_24, infiniplex_staircase_pool
Lair:5:   minmay_lair_end_frog_pond, layout_loops_ring, slime_entry_1,
          uniq_urug, uniq_snorg
Swamp:1:  layout_basic_swamp, evilmike_swamp_ruin_rubble_1,
          nicolae_swamp_big_swirl, uniq_mlioglotl, uniq_kirke, uniq_nikola
Swamp:2:  gammafunk_worm_tunnel, layout_basic_swamp,
          hellmonk_ghost_happy_afterlife, nicolae_swamp_ascending_descending,
          nicolae_swamp_little_swirl
Swamp:3:  layout_basic_swamp, evilmike_swamp_ruin_house_5, swamp_pool5
Swamp:4:  swamp_basic_johnstein, layout_basic_swamp, swamp_pool5,
          cheibrodos_swamp_pet_leeches
Snake:1:  layout_onion, nicolae_snake_naga_rites
Snake:2:  layout_onion, grunt_megastairs_2, uniq_roxanne, uniq_vashnia,
          uniq_aizul
Snake:3:  layout_layer_cave, statue_in_the_mist_lemuel, minmay_shop_mass,
          minmay_shoptagon
Snake:4:  snake_pit, layout_concentric_octagons,
          portal_ice_cave_entry_ice_statue_two, nicolae_snake_shapes,
          uniq_louise, uniq_bai_suzhen, uniq_saint_roka
Slime:1:  layout_caves
Slime:2:  layout_caves
Slime:3:  layout_caves, cheibrodos_slime_lost_civilization_7
Slime:4:  layout_caves
Slime:5
Orc:1:    layout_diamond_mine
Orc:2:    st_orc_town, layout_caves, basic_altar
Elf:1:    nicolae_elf_arrival_fired_up, layout_gridlike, serial_shops, shop,
          hangedman_elf_represent, nicolae_elf_glassroom_feature
Elf:2:    nicolae_elf_blades_crystal_corner, layout_loops_ring, serial_shops,
          shop, minmay_shop_grove
Elf:3:    elf_hall_gauntlet_wide, layout_onion_city, serial_shops,
          nicolae_diamond_shop
Vaults:1: mu_enter_wizlab_6, nicolae_vaults_network_square, v_misc_30,
          v_pattern_5, nicolae_vaults_what_the_h, nicolae_vaults_angled_halls,
          nicolae_vaults_asterisk, layout_vaults_quadrants
Vaults:2: ontoclasm_vaults_ring_square, minmay_crypt_entry_simple_sparse,
          vaults_standard_mumra_lines, nicolae_vaults_circle_grid_a,
          nicolae_vaults_specimen_jars, hangedman_vaults_slice,
          ontoclasm_vaults_gateway, v_alt_pattern_6, nicolae_vaults_alarming,
          layout_vaults_chaotic_city
Vaults:3: hangedman_vaults_capsules, ontoclasm_vaults_twist, grunt_vaults_focal,
          nicolae_vaults_fighting_squares, nicolae_vaults_sealed_display,
          hangedman_vaults_trim, grunt_vaults_hallway_short, v_alt_pattern_3,
          v_misc_17, hangedman_vaults_slice, vaults_room_fours,
          dpeg_vaults_monster_box, nicolae_vaults_little_squares_5,
          layout_vaults_omnibox
Vaults:4: ebering_ghost_rock_garden, nicolae_vaults_circle_grid_a, v_misc_33,
          nicolae_vaults_network_periphery, grunt_vaults_swirl, v_rooms_4,
          vaults_room_fancy_cross, ontoclasm_vaults_decontamination,
          vaults_room_pools, hangedman_vaults_slice, layout_vaults_omnicross,
          serial_shops, shop
Vaults:5
Crypt:1:  layout_basic, grunt_crypt_arrival_webbed, grunt_megastairs_4,
          lemuel_upstairs_altar, uniq_xtahua, uniq_boris
Crypt:2:  gammafunk_the_bubble [the_bubble_gammafunk_roulette],
          layout_regular_city
Crypt:3:  quadcrypt_mu
Depths:1: layout_long_grid, minmay_misc_feat_rows, grunt_pan_entry_spiral,
          serial_glass, glass_columns_a, glass_columns_a, glass_columns_a,
          glass_columns_a, glass_columns_c, grunt_hell_entry_dis_mu,
          minmay_acid_items
Depths:2: minmay_the_grid_triangle_9x9_recursive_2_mashed
          [minmay_the_grid_triangle_9x9_prize_insulated,
          minmay_the_grid_triangle_9x9_skeleton,
          minmay_the_grid_triangle_9x9_minimal,
          minmay_the_grid_triangle_9x9_odd_lines], layout_honeycomb,
          ziggurat_fallback, hell_entry, pan_entry, solitary_fountain,
          serial_rivers, chequers_serial_rivers_marsh,
          chequers_serial_rivers_room_a, chequers_serial_rivers_micro_e,
          chequers_serial_rivers_micro_e, chequers_serial_rivers_marsh,
          doesnt_xom_only_xom
Depths:3: nicolae_terramorphic_expanse [nicolae_terramorphic_quarter,
          nicolae_terramorphic_quarter, nicolae_terramorphic_quarter,
          nicolae_terramorphic_quarter, nicolae_terramorphic_quarter,
          nicolae_terramorphic_biome, nicolae_terramorphic_biome,
          nicolae_terramorphic_biome, nicolae_terramorphic_biome],
          layout_gridlike, hell_entry, special_room [special_room_jelly],
          nicolae_abyss_entry_one_way_or_another, ebering_ghost_gozag,
          minmay_misc_feat_columns
Depths:4: grunt_twist_and_shout, layout_basic, hell_entry,
          abyss_entry_flame_altar, minmay_misc_feat_room, serial_bayou_shore_b,
          uniq_josephina
Abyss:7:  base: Swamp:4, spicy_abyss_helpful_harpoons,
          due_evilmike_abyss_rune_seething_liches, due_exit_kobolds,
          minivault_25, minivault_13, guppyfry_abyss_exit_glass_guarded,
          evilmike_abyss_exit_mutagenic, gammafunk_abyss_rune_reverse_zot,
          evilmike_nicolae_abyss_rune_betentacled_crabyss,
          guppyfry_abyss_exit_imp_island,
          evilmike_nicolae_abyss_rune_betentacled_crabyss,
          spicy_abyss_rude_harpoons,
          evilmike_nicolae_abyss_rune_containment_curve,
          hangedman_abyss_rune_flesh_and_stone, base: Crypt:1, base: D:8,
          grunt_abyss_exit_deep_breaths, hangedman_abyss_or_decor_passed,
          grunt_abyss_rune_forest_and_sorcery, evilmike_abyss_exit_13

Skill      XL: |  1  2  3  4  5  6  7  8  9 10 11 12 13 14 15 16 17 18 19 20 21 22 23 24 |
---------------+-------------------------------------------------------------------------+-----
Spellcasting   | 3 4 5 6 7 8 10 11 13 15 16 17 | 17.0
Summonings     | 5 6 7 8 9 10 13 14 16 18 19 | 19.0
Hexes          | 1 3 5 |  5.0
Air Magic      | 2 4 7 |  7.0
Dodging        | 5 9 12 13 15 18 19 21 | 21.0
Fighting       | 3 7 9 10 12 13 15 16 17 | 17.5
Translocations | 5 10 | 10.0
Transmutations | 14 15 16 18 | 18.5
Earth Magic    | 1 5 |  5.9
Unarmed Combat | 7 10 13 14 16 19 21 | 21.0
Necromancy     | 15 13 12 | 15.4
Stealth        | |  2.6

Action                   |  1- 3 |  4- 6 |  7- 9 | 10-12 | 13-15 | 16-18 | 19-21 | 22-24 || total
-------------------------+-------+-------+-------+-------+-------+-------+-------+-------++-------
Melee: Unarmed           |     4 |     3 |     1 |     3 |    32 |   447 |   563 |  1171 ||  2224
       Bite              |       |       |       |     1 |    10 |    87 |   104 |   208 ||   410
       Punch             |       |       |       |       |     2 |    50 |   107 |   249 ||   408
 Cast: Summon Small Mamm |    32 |    21 |    27 |     3 |     1 |     1 |       |       ||    85
       Call Imp          |    13 |    14 |    25 |    13 |       |       |       |       ||    65
       Call Canine Famil |     5 |    19 |    41 |    40 |    90 |    11 |       |       ||   206
       Summon Guardian G |       |       |     9 |    37 |    54 |     7 |       |       ||   107
       Summon Lightning  |       |       |     9 |    50 |   155 |   122 |    31 |       ||   367
       Summon Forest     |       |       |       |    10 |    37 |    28 |     6 |     3 ||    84
       Summon Cactus Gia |       |       |       |       |   104 |   140 |    66 |     2 ||   312
       Summon Hydra      |       |       |       |       |    15 |   135 |   120 |    46 ||   316
       Statue Form       |       |       |       |       |     9 |    97 |    81 |    56 ||   243
       Wereblood         |       |       |       |       |       |     5 |    17 |    38 ||    60
       Yara's Violent Un |       |       |       |       |       |     1 |    12 |     5 ||    18
       Passage of Golubr |       |       |       |       |       |       |       |    10 ||    10
Invok: Call Merchant     |       |       |       |     1 |     3 |     3 |     4 |       ||    11
       Bribe Branch      |       |       |       |       |       |     1 |       |       ||     1
       Oozemancy         |       |       |       |       |       |       |       |     1 ||     1
Evoke: Wand              |       |       |       |       |       |     4 |     3 |       ||     7
  Use: Scroll            |       |       |     9 |     3 |    18 |    18 |     1 |    14 ||    63
       Potion            |       |       |       |       |     9 |    18 |     7 |    12 ||    46
 Stab: Sleeping          |     1 |       |       |       |       |     4 |     2 |     1 ||     8
       Distracted        |       |       |       |       |       |    10 |    19 |     9 ||    38
       Paralysed         |       |       |       |       |       |     5 |       |       ||     5
       Petrified         |       |       |       |       |       |     2 |       |       ||     2
Armor: Skin              |     7 |     3 |     2 |     6 |    19 |   218 |   158 |   527 ||   940
Dodge: Dodged            |    31 |    25 |    13 |    48 |   262 |  1067 |   835 |  2795 ||  5076
